Map: Oceanborn LE

Players

LiquidElazer (Elazer) - Winner!

  • Race: Zerg Zerg
  • Spawn Location: 11:00

HolyHit

  • Race: Protoss Protoss
  • Spawn Location: 5:00

Event: HomeStory Cup XXV

VOD

Have the link to the VOD?

Description

Time

  • Played on: June 22, 2024, 12:37 p.m.
  • Length: 15:41

All games in this series

Show
View Real Time Build Order
Export as new Build Order

LiquidElazer Zerg - Winner!

Build Orders: Hatch First, Lurkers 

Get SALT Encoding   

  12  0:00  Drone  
  13  0:12  Overlord  
  13  0:17  Drone  
  14  0:30  Drone x2  
  16  0:48  Hatchery  
  15  0:51  Drone  
  15  0:55  Drone  
  17  0:58  Drone  
  18  1:09  Extractor  
  17  1:13  Spawning Pool  
  17  1:16  Drone  
  17  1:19  Drone  
  18  1:28  Drone  
  19  1:43  Drone  
  19  1:50  Drone  
  20  2:00  Queen x2  
  25  2:01  Zergling x2  
  25  2:02  Drone  
  26  2:11  Drone x2  
  26  2:12  Metabolic Boost  
  28  2:23  Overlord  
  28  2:32  Hatchery  
  27  2:41  Zergling x2, Queen  
  27  2:43  Drone  
  31  2:47  Overlord  
  31  2:54  Zergling x6  
  31  2:57  Drone  
  35  3:17  Drone x6  
  41  3:24  Queen  
  42  3:30  Queen  
  42  3:32  Overlord  
  44  3:36  Spore Crawler  
  43  3:44  Overlord  
  43  3:45  Drone  
  43  3:48  Drone x3  
  47  3:54  Drone  
  48  3:56  Drone x4  
  48  3:58  Drone x3  
  54  4:03  Drone x2  
  54  4:09  Overlord  
  56  4:13  Spore Crawler, Queen  
  57  4:23  Overlord  
  57  4:27  Drone x7  
  57  4:29  Drone  
  65  4:32  Overlord  
  65  4:39  Drone  
  65  4:40  Overlord  
  66  4:46  Drone x4  
  66  4:48  Drone x4  
  66  4:49  Roach Warren  
  73  4:55  Overlord  
  73  4:59  Zergling x2  
  75  5:00  Zergling x2, Extractor x2  
  75  5:01  Overlord  
  75  5:05  Hatchery, Zergling x2  
  75  5:06  Zergling x4  
  74  5:12  Spore Crawler, Zergling x10  
  78  5:18  Zergling x6  
  81  5:22  Overlord  
  81  5:25  Lair  
  80  5:30  Drone x5  
  80  5:35  Overlord  
  82  5:43  Drone x4  
  82  5:47  Extractor x2  
  82  5:50  Drone x7  
  82  5:53  Drone  
  82  5:54  Drone  
  91  5:58  Overlord, Evolution Chamber  
  90  6:04  Zergling x2  
  90  6:05  Zergling x2  
  92  6:12  Overlord  
  92  6:13  Zergling x4  
  92  6:17  Zergling x8  
  98  6:22  Zergling x12  
  104  6:25  Zerg Melee Weapons Level 1  
  104  6:26  Hydralisk Den, Zergling x2  
  104  6:27  Overseer  
  104  6:30  Overlord  
  104  6:32  Spore Crawler, Zergling x4  
  105  6:37  Zergling x6  
  108  6:42  Hatchery  
  108  6:43  Zergling x8  
  111  6:52  Zergling x16  
  119  6:55  Hatchery, Grooved Spines  
  119  6:59  Zergling x8  
  119  7:01  Hydralisk  
  124  7:08  Extractor  
  124  7:09  Infestation Pit  
  124  7:11  Drone x4  
  125  7:19  Drone x10  
  135  7:23  Overlord  
  135  7:24  Drone  
  135  7:29  Drone x4  
  139  7:33  Overlord  
  139  7:39  Overlord  
  139  7:42  Hydralisk x3  
  145  7:45  Overlord, Hive  
  145  7:47  Lurker Den, Extractor  
  145  7:48  Spine Crawler, Extractor  
  145  7:50  Drone x6  
  147  7:52  Drone  
  147  7:53  Drone x2  
  147  7:54  Spine Crawler  
  147  7:58  Hydralisk x3  
  149  8:00  Pneumatized Carapace  
  149  8:01  Overseer  
  155  8:06  Hydralisk x3  
  155  8:12  Overlord  
  161  8:15  Spine Crawler  
  161  8:16  Muscular Augments  
  158  8:20  Hydralisk, Zerg Missile Weapons Level 1  
  158  8:21  Hydralisk x4  
  168  8:32  Overlord  
  167  8:34  Spine Crawler  
  167  8:36  Drone x2  
  167  8:38  Spine Crawler  
  167  8:39  Spine Crawler  
  166  8:43  Spine Crawler  
  166  8:46  Spine Crawler  
  166  8:47  Hydralisk x3, Evolution Chamber  
  166  8:48  Hydralisk  
  168  9:04  Adrenal Glands  
  168  9:06  Seismic Spines  
  168  9:16  Zerg Melee Weapons Level 2  
  165  9:22  Drone x3  
  168  9:26  Spine Crawler  
  168  9:30  Lurker x8  
  175  9:31  Lurker x2  
  175  9:35  Drone x6  
  175  9:37  Spine Crawler x3  
  175  9:38  Spine Crawler  
  179  9:39  Spine Crawler  
  179  9:40  Spine Crawler x2  
  173  9:47  Drone  
  173  9:48  Spine Crawler  
  173  9:49  Lurker  
  173  9:50  Lurker x3  
  177  9:53  Spine Crawler  
  177  9:54  Spine Crawler  
  177  9:58  Drone x3  
  177  9:59  Spine Crawler  
  177  10:00  Spine Crawler  
  177  10:01  Spine Crawler  
  177  10:03  Adaptive Talons  
  177  10:05  Nydus Network  
  174  10:07  Hatchery, Nydus Network  
  174  10:12  Hydralisk x4  
  180  10:15  Hydralisk  
  180  10:20  Zerg Missile Weapons Level 2  
  182  10:28  Zergling x30  
  196  10:30  Overlord x2  
  191  10:53  Nydus Canal x2  
  191  11:02  Hydralisk x6  
  176  11:12  Hydralisk x13  
  176  11:15  Zergling x4  
  196  11:24  Nydus Canal  
  196  11:25  Nydus Canal  
  186  11:41  Nydus Canal  
  186  11:52  Zerg Melee Weapons Level 3  
  156  12:17  Zergling x56  
  164  12:31  Drone x3  
  164  12:32  Drone x3  
  167  12:38  Zergling x16  
  167  12:44  Zergling x14  
  161  12:47  Nydus Canal  
  161  12:50  Overseer  
  161  12:51  Hydralisk x5  
  161  12:56  Drone  
  170  12:59  Lurker Den  
  169  13:09  Drone x6  
  168  13:23  Hatchery  
  167  13:32  Zergling x32  
  183  13:40  Overseer  
  181  13:51  Nydus Canal  
  179  13:56  Lurker x9  
  179  13:58  Hydralisk x6  
  179  14:00  Zergling x2  
  179  14:02  Nydus Canal  
  193  14:12  Hydralisk x3  
  189  14:27  Hydralisk  
  189  14:28  Hydralisk x5  
  186  14:43  Overseer x3  
  185  14:50  Zergling x14  
  185  14:51  Zergling x36  
  184  15:00  Hydralisk x4  
  184  15:03  Zergling x10  
  196  15:09  Nydus Canal x2  
  196  15:17  Spine Crawler  
  196  15:18  Spore Crawler  
  196  15:19  Spine Crawler x4  
  186  15:24  Nydus Canal x2  
Show
View Real Time Build Order
Export as new Build Order

HolyHit Protoss 

Build Orders: 1 Gate Expand, Oracle Opening, Archon Immortal 

Get SALT Encoding   

  12  0:00  Probe  
  13  0:12  Probe  
  14  0:17  Pylon  
  14  0:24  Probe (Chrono Boost)  
  15  0:36  Probe (Chrono Boost)  
  15  0:37  Gateway  
  16  0:45  Probe (Chrono Boost)  
  16  0:46  Assimilator  
  17  0:51  Probe  
  18  1:03  Probe  
  19  1:15  Probe  
  20  1:23  Nexus  
  20  1:34  Cybernetics Core  
  20  1:37  Probe  
  21  1:46  Assimilator  
  21  1:49  Probe  
  21  1:51  Pylon  
  23  2:01  Probe  
  23  2:07  Adept (Chrono Boost)  
  23  2:13  Probe  
  26  2:22  Stargate  
  26  2:26  Probe (Chrono Boost)  
  26  2:27  Adept (Chrono Boost)  
  27  2:35  Probe (Chrono Boost)  
  30  2:38  Warp Gate  
  30  2:43  Probe (Chrono Boost)  
  32  2:44  Probe (Chrono Boost)  
  32  2:49  Probe x2 (Chrono Boost)  
  32  2:50  Stalker  
  36  3:01  Probe x2  
  38  3:14  Probe x2  
  40  3:20  Oracle (Chrono Boost)  
  40  3:26  Probe x2  
  44  3:37  Pylon  
  44  3:38  Probe x2  
  46  3:41  Gateway  
  46  3:55  Oracle, Probe  
  50  3:57  Probe  
  50  4:00  Pylon  
  51  4:07  Probe  
  51  4:09  Probe  
  53  4:11  Nexus  
  53  4:12  Pylon  
  53  4:13  Assimilator  
  53  4:15  Assimilator  
  53  4:19  Probe, Pylon  
  53  4:22  Twilight Council  
  54  4:30  Forge  
  54  4:31  Oracle (Chrono Boost)  
  54  4:37  Probe  
  58  4:41  Shield Battery, Probe  
  59  4:49  Gateway x2, Probe  
  59  4:50  Blink (Chrono Boost)  
  60  4:53  Probe  
  61  5:01  Protoss Ground Weapons Level 1, Probe  
  62  5:10  Probe  
  62  5:12  Gateway  
  62  5:13  Probe  
  64  5:16  Gateway  
  64  5:17  Stalker  
  64  5:20  Stalker  
  68  5:29  Probe x2  
  68  5:33  Shield Battery, Probe  
  71  5:38  Gateway  
  71  5:41  Probe  
  72  5:44  Stalker x2  
  72  5:49  Probe  
  73  5:52  Probe  
  73  5:54  Stalker  
  73  5:55  Stalker  
  73  5:56  Probe  
  79  6:01  Probe  
  80  6:05  Probe  
  80  6:08  Probe  
  80  6:10  Robotics Facility  
  82  6:13  Stalker, Probe  
  82  6:17  Probe  
  85  6:18  Pylon  
  85  6:25  Assimilator  
  85  6:26  Assimilator, Pylon  
  85  6:28  Charge (Chrono Boost)  
  85  6:36  Probe x3  
  85  6:38  Robotics Facility  
  88  6:46  Robotics Facility  
  88  6:47  Stalker  
  88  6:51  Probe x2  
  91  6:58  Probe  
  91  6:59  Templar Archives  
  92  7:03  Probe x2  
  94  7:10  Probe  
  94  7:12  Observer (Chrono Boost)  
  94  7:14  Pylon  
  96  7:15  Probe  
  96  7:17  Protoss Ground Weapons Level 2 (Chrono Boost)  
  96  7:18  Forge  
  97  7:23  Nexus  
  97  7:24  Photon Cannon  
  97  7:25  Photon Cannon  
  97  7:26  Photon Cannon  
  97  7:28  Photon Cannon, Immortal  
  101  7:30  Psionic Storm  
  100  7:39  Pylon  
  100  7:41  Pylon  
  100  7:45  Pylon  
  100  7:47  Photon Cannon  
  100  7:50  Photon Cannon  
  100  7:51  Photon Cannon  
  100  7:55  Pylon  
  100  7:56  Pylon  
  100  7:57  Immortal  
  100  7:58  Protoss Shields Level 1 (Chrono Boost)  
  104  8:02  High Templar x2  
  104  8:03  Pylon, High Templar  
  104  8:04  High Templar  
  112  8:12  High Templar  
  114  8:18  High Templar  
  116  8:20  Probe  
  117  8:35  Photon Cannon  
  117  8:39  Warp Prism, Immortal  
  123  8:45  Zealot x4  
  131  8:52  Nexus  
  131  8:55  Pylon  
  131  9:04  Zealot x3  
  137  9:15  High Templar x4, Immortal  
  149  9:19  Immortal  
  149  9:21  Archon x2  
  153  9:30  Photon Cannon  
  153  9:31  Photon Cannon  
  153  9:32  Shield Battery  
  153  9:42  Probe, Photon Cannon  
  153  9:45  Zealot  
  156  9:46  Probe  
  156  9:50  Pylon  
  156  9:52  Pylon  
  157  9:54  Protoss Ground Weapons Level 3 (Chrono Boost)  
  157  10:04  Probe, Immortal  
  163  10:07  Probe x3  
  165  10:16  Probe  
  165  10:18  Protoss Shields Level 2 (Chrono Boost), Immortal  
  170  10:23  Zealot x5  
  180  10:29  Shield Battery  
  180  10:30  Pylon  
  180  10:37  Robotics Facility  
  180  10:38  Zealot  
  180  10:39  Zealot  
  184  10:43  Immortal  
  184  10:47  Photon Cannon  
  184  10:49  Photon Cannon  
  188  10:53  Pylon  
  188  10:55  Pylon  
  188  10:57  Zealot x3  
  188  11:03  Zealot  
  190  11:17  Zealot x4  
  182  11:25  Zealot x3, Observer (Chrono Boost)  
  169  11:40  Zealot x4  
  169  11:41  Observer (Chrono Boost)  
  178  11:50  Zealot x3  
  161  12:06  Immortal  
  140  12:25  Immortal  
  144  12:30  Zealot x5  
  144  12:31  Zealot  
  144  12:34  Assimilator  
  144  12:36  Assimilator  
  137  12:45  High Templar, Immortal  
  137  12:46  Nexus  
  129  12:55  High Templar x5  
  139  13:00  Probe  
  139  13:05  Immortal  
  144  13:12  Zealot  
  146  13:18  High Templar  
  146  13:24  Warp Prism  
  148  13:27  High Templar x3  
  153  13:40  Archon  
  153  13:41  Archon  
  143  13:43  High Templar x3  
  143  13:47  Nexus, Archon  
  149  13:52  Zealot  
  151  14:02  Zealot x2  
  151  14:10  Archon  
  151  14:14  Probe x2  
  151  14:15  Probe  
  152  14:26  Probe  
  152  14:28  Assimilator  
  153  14:34  Archon  
  153  14:36  Immortal  
  157  14:40  Probe x2  
  131  14:53  Observer  
  131  14:59  Zealot x3  
  123  15:12  Probe x3  
  123  15:13  High Templar x4  
  132  15:17  Archon x2  
  132  15:24  Probe  
  133  15:34  Archon  
Tags
 
Add a new tag
Caveats
  • Supply blocks, unpowered buildings, or Contaminate may cause inaccurate times.
  • Supply counts are checked every 10 seconds.